 Dungeon Crawl Stone Soup version 0.23.1 (webtiles) character file.

Game seed: 16606148930872038070

42 Sandy the Conjurer (level 3, 0/14 HPs)
             Began as a Felid Conjurer on Mar 18, 2019.
             Was a Follower of Fedhas.
             Slain by an adder (2 damage)
             ... on level 3 of the Dungeon.
             The game lasted 00:07:44 (2226 turns).

Sandy the Conjurer (Felid Conjurer)                 Turns: 2226, Time: 00:07:45

Health: 0/14       AC:  1    Str:  4    XL:     3   Next: 33%
Magic:  8/8        EV: 18    Int: 17    God:    Fedhas [*.....]
Gold:   68         SH:  0    Dex: 16    Spells: 4/7 levels left
                                        Lives:  0   Deaths: 1

rFire    x . .     SeeInvis +   (weapon unavailable)
rCold    + . .     Gourm    .   (shield unavailable)
rNeg     . . .     Faith    .   (armour unavailable)
rPois    .         Spirit   .   (helmet unavailable)
rElec    .         Reflect  .   (cloak unavailable)
rCorr    .         Harm     .   (gloves unavailable)
MR       .....                  (boots unavailable)
Stlth    +++.......             (no amulet)
HPRegen  0.04/turn              j - ring of ice
MPRegen  0.11/turn              (no ring)

@: quick
A: very small, no armour, no weapons or thrown items, stealth, claws 1, fangs 3,
see invisible, carnivore, speed 1, shaggy fur 1, slow metabolism 1, sharp paws
a: Fungal Bloom, Sunlight, Renounce Religion


You were on level 3 of the Dungeon.
You worshipped Fedhas.
Fedhas was aware of your devotion.
You were not hungry.

You visited 1 branch of the dungeon, and saw 4 of its levels.

You collected 68 gold pieces.

Inventory:

Jewellery
 j - a ring of ice (left paw)
Scrolls
 a - 4 scrolls of identify {unknown}
 c - 3 scrolls of teleportation {unknown}
 e - a scroll of amnesia {unknown}
 h - a scroll of immolation {unknown}
 i - a scroll of magic mapping {unknown}
 l - a scroll of blinking {unknown}
Potions
 d - a potion of agility {unknown}
 f - 2 potions of flight {unknown}
 g - a potion of curing {unknown}
Comestibles
 b - 7 rations
 k - 2 chunks of flesh


   Skills:
 - Level 2.6 Dodging
 - Level 2.6 Stealth
 * Level 2.8 Spellcasting
 + Level 4.8 Conjurations


You had 4 spell levels left.
You knew the following spells:

 Your Spells              Type           Power        Failure   Level  Hunger
a - Magic Dart            Conj           ###.         2%          1    #......
b - Searing Ray           Conj           ###...       3%          2    ##.....

Your spell library contained the following spells:

 Spells                   Type           Power        Failure   Level  Hunger
 Dazzling Spray           Conj/Hex       ##....       21%         3    ###....
 Iskenderun's Mystic Bla  Conj           ###.....     24%         4    #####..
 Force Lance              Conj/Tloc      ##......     54%         4    #####..
 Fulminant Prism          Conj/Hex       ##........   54%         4    #####..


Dungeon Overview and Level Annotations

Branches:
Dungeon (4/15)
 Temple: D:4-7

Altars:
Fedhas

Portals:
Sewer: D:3


Innate Abilities, Weirdness & Mutations

You cannot wear armour.
You are incapable of wielding weapons or throwing items.
Your paws allow you to move quietly. (Stealth)
You have sharp claws.
You have razor-sharp teeth.
You have supernaturally acute eyesight. (SInv)
You are carnivorous and can eat meat at any time.
You cover ground quickly.
You are covered in fur. (AC +1)
You have a slow metabolism.
Your sharp claws are effective at attacking unaware monsters.


Message History

The adder is lightly wounded.
The adder bites you.
* * * LOW HITPOINT WARNING * * *
The adder misses you.
You barely miss the adder.
The adder is lightly wounded.
The adder completely misses you. x2; The adder misses you.
Some of the chunks of flesh in your inventory have rotted away.
You scratch the adder. You bite the adder.
The adder is heavily wounded.
The adder closely misses you. The adder barely misses you. x2
You miss the adder. You bite the adder, but do no damage.
The adder is lightly wounded.
The giant cockroach waves its antennae.
The adder barely misses you. The adder completely misses you.
You scratch the adder. Your bite misses the adder.
The adder is severely wounded.
The adder barely misses you. The adder closely misses you. The adder bites you.
You die...
Fedhas appreciates your contribution to the ecosystem.

.#.#.#.#.#.#.#
#.#.#...#.#†#
..#.......#.#
#######.###.######
#†#........#
##.#.#.####.#
#.†...†.....#
##.#######†.#
#.#≈≈≈≈S#@.#
#.#≈≈∩≈sSS.#
#.#≈≈≈≈s#).#
...#######..#
##...........#
########....#
######


You could see 3 adders and 2 giant cockroaches.

Vanquished Creatures
  4 adders
  3 dart slugs
  A leopard gecko (D:1)
  5 orcs (D:3)
  2 giant cockroaches (D:1)
  4 goblins
  3 hobgoblins
  A quokka (D:3)
  A ball python (D:3)
  5 bats
  4 frilled lizards
  2 kobolds (D:2)
  3 rats
38 creatures vanquished.

Vanquished Creatures (others)
  4 toadstools (D:3)
4 creatures vanquished.

Grand Total: 42 creatures vanquished

Notes
Turn   | Place    | Note
-------+----------+-------------------------------------------
     0 | D:1      | Sandy the Felid Conjurer began the quest for the Orb.
     0 | D:1      | Reached XP level 1. HP: 7/7 MP: 4/4
   591 | D:1      | Reached XP level 2. HP: 11/11 MP: 3/6
   677 | D:1      | Reached skill level 4 in Conjurations
  1186 | D:2      | Found a faded altar of an unknown god.
  1188 | D:2      | Became a worshipper of Fedhas Madash
  1188 | D:2      | Reached * piety under Fedhas
  1224 | D:2      | Reached XP level 3. HP: 14/14 MP: 5/7
  1253 | D:2      | Learned a level 2 spell: Searing Ray
  2106 | D:3      | Reached XP level 4. HP: 12/18 MP: 5/9
  2175 | D:3      | Found a glowing drain.
  2181 | D:3      | Slain by an adder
  2182 | D:3      | Reached XP level 3. HP: 0/14 MP: 6/8
  2226 | D:3      | Slain by an adder

Skill      XL: |  1  2 |
---------------+-------+-----
Conjurations   | 4 |  4.8
Dodging        | |  2.6
Stealth        | |  2.6
Spellcasting   | |  2.8

Action                   |  1- 3 |  4- 6 || total
-------------------------+-------+-------++-------
Melee: Unarmed           |    48 |     6 ||    54
       Bite              |     8 |     1 ||     9
 Cast: Magic Dart        |    42 |     1 ||    43
       Searing Ray       |     5 |     1 ||     6
Invok: Fungal Bloom      |     1 |       ||     1
 Stab: Sleeping          |     5 |       ||     5
  Eat: Chunk             |    10 |       ||    10
Armor: Skin              |     4 |     1 ||     5
Dodge: Dodged            |    60 |    24 ||    84
